 Dungeon Crawl Stone Soup version 0.29.1-1-gd02db6906a (webtiles) character file.

Game seed: 18332664735748659334

4608 Ashen the Frost Mage (level 10, 74/74 HPs)
             Began as a Demonspawn Ice Elementalist on Sept 26, 2022.
             Was a Follower of Vehumet.
             Got out of the dungeon alive.
             The game lasted 00:16:47 (11375 turns).

Ashen the Frost Mage (Demonspawn Ice Elementalist) Turns: 11375, Time: 00:16:48

Health: 74/74      AC:  5    Str:  8    XL:     10   Next: 19%
Magic:  21/21      EV: 14    Int: 22    God:    Vehumet [*.....]
Gold:   399        SH:  0    Dex: 13    Spells: 12/23 levels left

rFire   x . .      SeeInvis .   H - +2 falchion (vamp)
rCold   + . .      Faith    .   (no shield)
rNeg    . . .      Spirit   .   x - +1 robe {Will+}
rPois   .          Reflect  .   f - +0 helmet
rElec   .          Harm     .   D - +0 cloak
rCorr   .          Rampage  .   (no gloves)
Will    +....                   (no boots)
Stlth   +++.......              (no amulet)
HPRegen 0.22/turn               k - ring of ice
MPRegen 0.17/turn               t - +4 ring of slaying

@: no status effects
A: demonic guardian 1, ignite blood 1, sanguine armour 2, demonic touch 2
a: Renounce Religion


You escaped.
You worshipped Vehumet.
Vehumet was aware of your devotion.
You visited 2 branches of the dungeon, and saw 10 of its levels.

You collected 399 gold pieces.

Inventory:

Hand Weapons
 c - a +2 falchion of freezing
 H - a +2 vampiric falchion (weapon)
Missiles
 n - 6 datura-tipped darts
 o - 14 poisoned darts (quivered)
Armour
 e - a +0 leather armour of fire resistance
 f - a +0 helmet (worn)
 r - a +3 leather armour
 x - a +1 robe of willpower (worn)
 D - a +0 cloak (worn)
Jewellery
 k - a ring of ice (left hand)
 t - a +4 ring of slaying (right hand)
 C - a +6 ring of strength
Wands
 w - a wand of flame (39)
Scrolls
 a - 9 scrolls of identify {unknown}
 h - a scroll of vulnerability {unknown}
 i - a scroll of blinking {unknown}
 j - 3 scrolls of amnesia {unknown}
 l - a scroll of immolation {unknown}
 m - a scroll of poison {unknown}
 q - 3 scrolls of teleportation {unknown}
 s - a scroll of enchant weapon {unknown}
 y - a scroll of magic mapping {unknown}
 z - a scroll of torment {unknown}
 A - a scroll of enchant armour {unknown}
 G - a scroll of noise {unknown}
Potions
 b - 4 potions of magic
 d - 2 potions of ambrosia {unknown}
 g - 3 potions of flight {unknown}
 p - a potion of berserk rage {unknown}
 u - a potion of attraction {unknown}
 v - 3 potions of brilliance {unknown}
 B - 2 potions of lignification {unknown}
 E - a potion of curing {unknown}
 F - 3 potions of heal wounds


   Skills:
 + Level 5.2 Fighting
 + Level 5.2 Dodging
 - Level 5.0 Stealth
 * Level 7.4 Spellcasting
 * Level 4.3 Conjurations
 * Level 8.0 Ice Magic


You had 12 spell levels left.
You knew the following spells:

 Your Spells              Type           Power      Damage    Failure   Level
a - Freeze                Ice            100%       1d11      1%          1
b - Frozen Ramparts       Ice            100%       1d16      1%          3
c - Ozocubu's Armour      Ice            60%        N/A       1%          3
d - Hailstorm             Conj/Ice       52%        3d12      6%          4

Your spell library contained the following spells:

 Spells                   Type           Power      Damage    Failure   Level
 Magic Dart               Conj           100%       1d8       1%          1
 Apportation              Tloc           16%        N/A       8%          1
 Necrotise                Necr           32%        1d5       8%          1
 Sandblast                Erth           16%        2d6       8%          1
 Summon Small Mammal      Summ           32%        N/A       8%          1
 Stone Arrow              Conj/Erth      34%        3d9       10%         3
 Passwall                 Tmut/Erth      6%         N/A       12%         2
 Summon Ice Beast         Ice/Summ       39%        N/A       16%         4
 Alistair's Intoxication  Tmut/Pois      5%         N/A       91%         5
 Summon Mana Viper        Hex/Summ       8%         N/A       91%         5
 Monstrous Menagerie      Summ           4%         N/A       100%        7


Dungeon Overview and Level Annotations

Branches:
Dungeon (9/15)             Temple (1/1) D:7
   Lair: D:8-11         Orc: D:9-12

Altars:
Ashenzari
Cheibriados
Dithmenos
Fedhas
Gozag
Hepliaklqana
Kikubaaqudgha
Makhleb
Nemelex Xobeh
Okawaru
Ru
Sif Muna
Trog
Uskayaw
Vehumet
Wu Jian
Xom
Yredelemnul

Shops:
D:2 (

Annotations:
Temple 2 transporters


Innate Abilities, Weirdness & Mutations

A weak demonic guardian rushes to your aid.
Your demonic aura sometimes causes spilled blood to erupt in flames.
When seriously injured, your blood forms thick armour. (AC +0)
Your touch may inflict irresistible damage on your foes.


Message History

There is an open door here.
You open the door.
There is an open door here.
You open the door.
There is an open door here.
There is a stone staircase leading up here.
You climb upwards.
There is a stone staircase leading down here.
Your blood armour dries and flakes away.
There is a stone staircase leading up here.
You climb upwards.
There is a stone staircase leading down here.
There is an open door here.
There is an open door here.
There is an open door here.
There is a stone staircase leading up here.
You climb upwards.
There is a stone staircase leading down here.
You see here a +0 scale mail.
You see here a +0 club.
There is a stone staircase leading up here.
You climb upwards.
There is a stone staircase leading down here.
There is a stone staircase leading up here.
You climb upwards.
There is a stone staircase leading down here.
HP restored.
There is a stone staircase leading up here.
You climb upwards.
There is a stone staircase leading down here.
There is a stone staircase leading up here.
You climb upwards.
There is a stone staircase leading down here.
You see here a +0 robe.
There is a stone staircase leading up here.
You climb upwards.
There is a stone staircase leading down here.
There is a staircase leading out of the dungeon here.
Are you sure you want to leave the Dungeon?
This will make you lose the game!
You have escaped!

.....##....# ##.## #.#.
...#######.######..#### #...
...#.....#............# ####
...#..[..###≈≈~.≈~≈~..###########
####.....##~≈≈≈≈.≈≈≈~..##........
.........#≈≈≈≈≈≈≈.≈≈≈..##.#####.#
####.....#≈≈≈≈≈~.~~≈≈...#.#...#.#
#.....#≈≈≈≈~...~~≈.#...#.#.#.#
#.....~≈≈≈~.©@©.~≈..##........
####'#≈≈≈≈~~.∩.~~≈#.##.#.#.#..
#.#≈≈≈≈≈≈~~~~≈≈#..#.#.#.###
#.~≈≈≈≈≈≈≈≈≈≈≈≈##.#.#.#.###
#.≈≈≈~~~≈≈≈≈≈~###.#.#.#....
#.≈≈~.∩.~~≈≈≈≈# #...#.#####
#.≈~.©>©.~≈≈≈~# ##..#......
#.≈~~...~~≈≈~## #..#######
#.≈≈≈~.~~≈≈≈≈# ##..# #


There were no monsters in sight!

Vanquished Creatures
  Grinder (D:3)
  5 yaks (D:9)
  3 wyverns
  A steam dragon (D:8)
  5 water moccasins
  2 black bears
  2 centaurs
  An ogre (D:7)
  A phantom (D:5)
  Blork the orc (D:6)
  2 bullfrogs (D:8)
  3 necrophages
  A gnoll sergeant (D:7)
  3 scorpions
  12 wights
  4 killer bees (D:7)
  4 hounds
  A jelly (D:5)
  A gnoll bouda (D:6)
  An orc priest (D:6)
  Jessica (D:3)
  6 iguanas
  An orc wizard (D:8)
  13 gnolls
  6 adders
  A shadow imp (D:8)
  A white imp (D:7)
  2 ufetubi (D:5)
  3 worms (D:2)
  3 dart slugs
  20 orcs
  4 endoplasms
  A giant cockroach (D:1)
  7 goblins
  2 hobgoblins
  7 jackals
  3 quokkas
  5 ball pythons
  4 bats
  3 frilled lizards
  6 kobolds
  6 rats (D:1)
159 creatures vanquished.

Vanquished Creatures (collateral kills)
  2 jackals (D:5)
2 creatures vanquished.

Grand Total: 161 creatures vanquished

Notes
Turn   | Place    | Note
-------+----------+-------------------------------------------
     0 | D:1      | Ashen the Demonspawn Ice Elementalist began the quest for
                  | the Orb.
     0 | D:1      | Reached XP level 1. HP: 13/13 MP: 3/3
   476 | D:1      | Gained mutation: Your touch may inflict minor irresistible
                  | damage on your foes. [demonic ancestry]
   476 | D:1      | Reached XP level 2. HP: 20/20 MP: 5/5
  1159 | D:1      | Found a faded altar of an unknown god.
  1498 | D:2      | Reached XP level 3. HP: 20/25 MP: 2/6
  1579 | D:2      | Reached skill level 4 in Ice Magic
  2448 | D:2      | Reached skill level 1 in Fighting
  2498 | D:2      | Found Tieps's Weapon Shoppe.
  2530 | D:2      | Gained mutation: Your touch may inflict irresistible damage
                  | on your foes. [demonic ancestry]
  2530 | D:2      | Reached XP level 4. HP: 27/32 MP: 5/8
  2786 | D:3      | Noticed a necrophage
  2889 | D:3      | Noticed Grinder
  3239 | D:4      | Found a basalt altar of Yredelemnul.
  3241 | D:4      | Noticed a necrophage
  3426 | D:3      | Killed a necrophage
  3427 | D:3      | Reached XP level 5. HP: 35/37 MP: 7/9
  3431 | D:3      | Learned a level 3 spell: Frozen Ramparts
  3435 | D:3      | Learned a level 3 spell: Ozocubu's Armour
  3595 | D:4      | Gained mutation: When seriously injured, your blood forms
                  | armour. (AC +0) [demonic ancestry]
  3595 | D:4      | Reached XP level 6. HP: 38/44 MP: 7/11
  4068 | D:5      | Entered Level 5 of the Dungeon
  4400 | D:5      | Noticed a water moccasin
  4409 | D:5      | Killed a water moccasin
  4410 | D:5      | Reached skill level 5 in Ice Magic
  4496 | D:5      | Gained mutation: A weak demonic guardian rushes to your
                  | aid. [demonic ancestry]
  4496 | D:5      | Reached XP level 7. HP: 50/51 MP: 5/13
  5661 | D:6      | Found a bloodstained altar of Trog.
  5674 | D:6      | Identified the +5 plate armour of Fortitude {rC+}
  5730 | D:6      | Noticed a wyvern
  5733 | D:6      | Noticed Blork the orc
  5740 | D:6      | Killed a wyvern
  5741 | D:6      | Reached skill level 5 in Spellcasting
  5741 | D:6      | Reached skill level 6 in Ice Magic
  5741 | D:6      | Reached XP level 8. HP: 57/58 MP: 6/15
  5746 | D:6      | Killed Blork the orc
  7878 | D:7      | Gained mutation: When seriously injured, your blood forms
                  | thick armour. (AC +0) [demonic ancestry]
  7878 | D:7      | Reached XP level 9. HP: 32/64 MP: 10/18
  8072 | D:7      | Learned a level 4 spell: Hailstorm
  8227 | D:7      | Found a broken altar of Ashenzari.
  8242 | D:7      | Reached skill level 1 in Conjurations
  8242 | D:7      | Reached skill level 7 in Ice Magic
  8349 | D:7      | Found an iron altar of Okawaru.
  8351 | D:7      | Found a broken altar of Ashenzari.
  8351 | D:7      | Found a sacrificial altar of Ru.
  8353 | D:7      | Found a shimmering altar of Xom.
  8353 | D:7      | Found a hazy altar of Hepliaklqana.
  8353 | D:7      | Found an iron altar of Okawaru.
  8600 | D:7      | Found a staircase to the Ecumenical Temple.
  8641 | Temple   | Entered the Ecumenical Temple
  8641 | Temple   | Found a transporter.
  8641 | Temple   | Found a transporter.
  8643 | Temple   | Found a transporter.
  8643 | Temple   | Found a transporter.
  8662 | Temple   | Became a worshipper of Vehumet
  9569 | D:8      | Reached skill level 5 in Stealth
 10536 | D:3      | Killed Grinder
 10537 | D:3      | Reached skill level 5 in Dodging
 10693 | D:3      | Noticed Jessica
 10698 | D:3      | Killed Jessica
 11149 | D:9      | Reached skill level 5 in Fighting
 11149 | D:9      | Gained mutation: Your demonic aura sometimes causes spilled
                  | blood to erupt in flames. [demonic ancestry]
 11149 | D:9      | Reached XP level 10. HP: 74/74 MP: 13/20
 11150 | D:9      | Reached * piety under Vehumet
 11150 | D:9      | Offered knowledge of Magic Dart by Vehumet.
 11153 | D:9      | Reached skill level 8 in Ice Magic
 11375 | D:$      | Got out of the dungeon alive.

Illustrated notes

Levels and vault maps discovered:
D:1:      spicycebolla_arrival_transporter_tutorial, layout_basic,
          basic_ecumenical_altar
D:2:      layout_basic, serial_shops, shop
D:3:      layout_loops_ring, uniq_jessica, uniq_grinder
D:4:      layout_basic, old_standard_altar, kennysheep_generic_room_15
D:5:      layout_basic
D:6:      layout_basic, trog_three_pillars_becter, uniq_blork_the_orc
D:7:      layout_basic, doesnt_xom_only_xom, ashenzari_altar_1, temple_statues
D:8:      layout_loops_ring
D:9:      layout_stronghold, grunt_qazlal_clouds
Temple:   hellmonk_temple_divided_pantheon

Skill      XL: |  1  2  3  4  5  6  7  8  9 10 |
---------------+-------------------------------+-----
Dodging        | 2 3 4 5 |  5.2
Stealth        | 2 3 4 5 |  5.0
Ice Magic      | 4 5 6 7 8 |  8.0
Fighting       | 1 2 3 4 5 |  5.2
Spellcasting   | 3 4 5 6 7 |  7.4
Conjurations   | 3 4 |  4.3

Action                   |  1- 3 |  4- 6 |  7- 9 | 10-12 || total
-------------------------+-------+-------+-------+-------++-------
Melee: Falchion          |    55 |    48 |   167 |    10 ||   280
       Unarmed           |     1 |       |       |       ||     1
       Touch             |     4 |     7 |    30 |     2 ||    43
       Punch             |       |     1 |     3 |       ||     4
Throw: Dart              |       |       |     1 |       ||     1
 Cast: Freeze            |    51 |    40 |    47 |       ||   138
       Frozen Ramparts   |       |     3 |    27 |       ||    30
       Ozocubu's Armour  |       |     1 |    19 |       ||    20
Evoke: Wand              |       |       |     2 |       ||     2
  Use: Potion            |       |       |     2 |       ||     2
 Stab: Sleeping          |    12 |     3 |     7 |       ||    22
Armor: Robe              |    12 |       |     4 |     4 ||    20
       Leather armour    |    11 |    42 |    74 |       ||   127
Dodge: Dodged            |    72 |    57 |   149 |     4 ||   282
